[Event "*** Titled Tuesday 3|2 Blitz"]
[Site "Chess.com"]
[Date "2016.08.02"]
[Round "2"]
[White "the_drake"]
[Black "FearlessKing64"]
[Result "1-0"]
[WhiteElo "2110"]
[BlackElo "2044"]
[TimeControl "180+2"]
[EndTime "11:24:41 PDT"]
[Termination "the_drake won by resignation"]

1. e4 c5 2. Nf3 d6 3. Bb5+ Bd7 4.
Bxd7+ Qxd7 5. c4 Nf6 6. Nc3 g6 7. O-O Bg7 8. d4 cxd4 9. Nxd4 O-O 10. Nde2 Rc8 11. Qd3 Nc6 12. b3 Nb4 13. Qf3 b5 14.
cxb5 Ng4 15. Bf4 Ne5 16. Bxe5 Bxe5 17. Rac1 Bxc3 18. Nxc3 Rxc3 19. Rxc3 Nxa2 20. Rc4 Qxb5 21. e5 Rb8 22. exd6 exd6 23. Rc7 Qe8 24. Rxa7 Nb4 25.
g3 Nc6 26. Rc7 Ne5 27. Qd5 Rb5 28. Qg2 Rxb3 29. Rfc1 Nf3+ 30. Kh1 Kg7 31. R7c2 d5 32. Qf1 Nd4 33. Re1 Qd7 34. Rcc1 Qf5 35. Qg2 Nf3 36.
Re3 Rxe3 37. fxe3 g5 38. Rf1 g4 39. h3 h5 40. h4 Qd3 41. Qb2+ f6 42. Qb7+ Kg6 43.
Qb1 Qxb1 44. Rxb1 Kf5 45. Kg2 Ke4 46. Kf2 Ke5 47. Rb8 Nd2 48. Rh8 Ne4+ 49. Kg2 f5 50. Rxh5 Nd2 51. Rh8 Nc4 52. Kf2 Ke4 53. Re8+ Kd3 54.
h5 Nb2 55. h6 Nd1+ 56. Kg2 Nxe3+ 57. Rxe3+ Kxe3 58. h7 1-0

[Event "*** Titled Tuesday 3|2 Blitz"]
[Site "Chess.com"]
[Date "2016.08.02"]
[Round "2"]
[White "Balandel"]
[Black "DrHolmes13"]
[Result "0-1"]
[WhiteElo "2327"]
[BlackElo "2408"]
[TimeControl "180+2"]
[EndTime "11:24:50 PDT"]
[Termination "DrHolmes13 won on time"]

1. e4 c6 2. d4 d5 3. exd5 cxd5 4.
c4 Nf6 5. Nc3 Nc6 6. Bg5 Be6 7.
Nf3 g6 8. c5 Bg7 9. Bb5 O-O 10.
O-O Ne4 11. Bf4 Rc8 12. h3 f6 13. Re1 Nxc3 14. bxc3 Bf7 15. Rb1 Qd7 16. Qa4 a6 17. Bf1 Rfe8 18. Rb6 e5 19. Bg3 e4 20. Nd2 f5 21.
Reb1 Bh6 22. Rxb7 Qe6 23. f4 g5 24. c4 Nxd4 25. cxd5 Qf6 26. Bc4 gxf4 27. Re7 Qxe7 28.
d6 Qg5 29. Bxf7+ Kxf7 30. Qxd4 fxg3 31. Rb7+ Kg8 32. Nf1 Red8 33. c6 Bg7 34. Qd5+ Kh8 35. d7 Rxc6 36. Qxc6 Bd4+ 37. Kh1 Qf4 38. Rb1 Qf2 39.
Nxg3 Qxg3 40. Qe6 Qg8 41. Qxf5 e3 42. Qd3 Qg7 43. Qf5 Qxd7 44. Qf3 Qg7 45. Re1 Rf8 46. Qe4 Rg8 47. Re2 Ba7 48. a4 Qf6 0-1

[Event "*** Titled Tuesday 3|2 Blitz"]
[Site "Chess.com"]
[Date "2016.08.02"]
[Round "2"]
[White "platy3"]
[Black "wnstop"]
[Result "1-0"]
[WhiteElo "2700"]
[BlackElo "2458"]
[TimeControl "180+2"]
[EndTime "11:24:52 PDT"]
[Termination "platy3 won by resignation"]

1. e4 e6 2. d4 d5 3. Nc3 Nf6 4. e5 Nfd7 5. f4 c5 6. Nf3 Be7 7. Be3 O-O 8. a3 b6 9. Bd3 Ba6 10. O-O Bxd3 11. Qxd3 Nc6 12. Ne2 cxd4 13. Nfxd4 Nxd4 14. Nxd4 Nc5 15. Qe2 Rc8 16. f5 exf5 17. Nxf5 f6 18. Qg4 g6 19. Bh6 fxe5 20. Nxe7+ Qxe7 21. Bxf8 Rxf8 22. Rxf8+ Kxf8 23. Rd1 d4 24. Re1 Nd7 25.
Qf3+ Kg7 26. Qd5 Qf7 27. Qd6 Kh6 28. h3 Qe8 29. Qxd4 Qc8 30. Qd2+ Kg7 31. c3 Qc5+ 32.
Kh2 Nf6 33. Qe3 Qxe3 34. Rxe3 Nd7 35. Rd3 Nc5 36. Rd8 Kf6 37. Kg3 Kf5 38. Kf3 h5 39. Ke3 Na4 40. Rd2 b5 41. Rf2+ Ke6 42. g4 hxg4 43. hxg4 Nb6 44. g5 Nc4+ 45. Kd3 Kd5 46. b3 e4+ 47. Ke2 Nxa3 48. Rf6 Nb1 49. Rxg6 Nxc3+ 50.
Kd2 b4 51. Ra6 Kd4 52. g6 e3+ 53. Ke1 Nd5 54. Rd6 1-0

[Event "*** Titled Tuesday 3|2 Blitz"]
[Site "Chess.com"]
[Date "2016.08.02"]
[Round "2"]
[White "igorkovalenko"]
[Black "profofchess"]
[Result "1/2-1/2"]
[WhiteElo "2543"]
[BlackElo "2307"]
[TimeControl "180+2"]
[EndTime "11:24:53 PDT"]
[Termination "Game drawn by agreement"]

1. e4 e6 2. d4 d5 3. Bd3 dxe4 4.
Bxe4 Nf6 5. Bf3 Nc6 6. Ne2 e5 7. Bxc6+ bxc6 8. Nbc3 exd4 9. Qxd4 Qxd4 10. Nxd4 Bd7 11.
Bf4 Bd6 12. Bxd6 cxd6 13. O-O-O O-O-O 14. f3 Rhe8 15. Rd2 Kc7 16. Rhd1 Bc8 17. b3 Re5 18. Kb2 h5 19. h4 g5 20. hxg5 Rxg5 21. Rh1 Rdg8 22. Rh2 a6 23. Rf2 Bd7 24. Nde2 Rf5 25. Rh4 Ng4 26. Rf1 Ne3 27. Rg1 Rxg2 28. Rxg2 Nxg2 29.
Rh2 Ne3 30. Nd4 Rg5 31. Ne4 Re5 32. Nf6 Nf5 33. f4 Re1 34. Nxf5 Bxf5 35. Rxh5 Be4 36. Rh2 Bf5 37. Rf2 Kd8 38. Kc3 Ke7 39. Ng8+ Ke6 40. Nh6 Ra1 41. a4 Rh1 42. Re2+ Kf6 43. Ng8+ Kg7 44. Ne7 Bd7 45. Rd2 d5 46. Kd4 Re1 47.
Rg2+ Kf6 48. Ng8+ Kf5 49. Kc5 Kxf4 50. Rf2+ Ke3 51. Rxf7 Be6 52. Re7 Kd2 53. Nf6 Bf5 54. Rxe1 Kxe1 55. c3 Bc2 56. b4 Bxa4 57. Nd7 Kd2 58.
Kd4 Bb5 59. Nc5 Kc2 60. Nb7 Kb3 61. Na5+ Kb2 62. Nb7 Kc2 63. Nc5 Kb2 64. Nb7 1/2-1/2

[Event "*** Titled Tuesday 3|2 Blitz"]
[Site "Chess.com"]
[Date "2016.08.02"]
[Round "2"]
[White "viditchess"]
[Black "psv98"]
[Result "1-0"]
[WhiteElo "2512"]
[BlackElo "2596"]
[TimeControl "180+2"]
[EndTime "11:24:58 PDT"]
[Termination "viditchess won by resignation"]

1. d4 Nf6 2. c4 d6 3. Nf3 g6 4. g3 Bg7 5. Bg2 O-O 6. O-O Nc6 7. Nc3 Bf5 8. d5 Na5 9. Nh4 Bd7 10. b3 Nxd5 11.
Nxd5 Bxa1 12. Bd2 c6 13. Qxa1 cxd5 14. Bh6 f6 15. Bxd5+ Kh8 16. Bxf8 Qxf8 17. Ng2 Nc6 18. Nf4 Qg7 19. Qc3 f5 20. Qd2 Qf6 21. Rc1 Rd8 22.
Bg2 Be6 23. h4 Bf7 24. Rd1 Kg7 25. b4 Bxc4 26. Rc1 Bf7 27. b5 Nd4 28. Bxb7 Nxb5 29.
Qa5 Qb2 30. Rf1 Rb8 31. Nd3 Qxe2 32. Qxb5 Rxb7 33. Qxb7 Qxd3 34. Qxa7 Qe4 35. f3 Qe5 36. Kg2 f4 37. gxf4 Qf6 38. Kg3 Be6 39. Re1 Kf7 40.
a4 Qc3 41. Qe3 Qc4 42. a5 h6 43. a6 g5 44. fxg5 hxg5 45. hxg5 1-0

[Event "*** Titled Tuesday 3|2 Blitz"]
[Site "Chess.com"]
[Date "2016.08.02"]
[Round "2"]
[White "FLchessplayer"]
[Black "ER404"]
[Result "0-1"]
[WhiteElo "2023"]
[BlackElo "2152"]
[TimeControl "180+2"]
[EndTime "11:25:03 PDT"]
[Termination "ER404 won by resignation"]

1. d4 d5 2. c4 e6 3. Nc3 c6 4. e4 dxe4 5. Nxe4 Bb4+ 6. Nc3 Nf6 7. Nf3 c5 8. Be3 O-O 9. h3 b6 10. Be2 Bb7 11. O-O Nbd7 12. Rc1 Rc8 13. Nb5 cxd4 14. Nfxd4 a6 15. Nc2 axb5 16. Nxb4 Qe7 17. a3 bxc4 18. Bxc4 Rfd8 19. Qe2 Nc5 20. Rcd1 h6 21. Rxd8+ Rxd8 22. Rd1 Rxd1+ 23. Qxd1 Qc7 24. Qe2 Kf8 25.
f3 Na4 26. Bb5 Nc5 27. Nd3 Nxd3 28. Qxd3 Nd5 29. Bd2 Qg3 30. Ba6 Bxa6 31. Qxa6 Kg8 32. Qc8+ Kh7 33. Qc2+ g6 34. Qe4 Qc7 35. Kf1 Qc6 36. Qd3 Qc7 37. Qd4 Qh2 38. Be3 Qc7 39. Bd2 Qh2 40. Bc3 Qh1+ 41. Kf2 Nxc3 42. Qxc3 Qd1 43.
Qe3 Qc2+ 44. Qe2 Qc5+ 45. Ke1 Qc1+ 46. Kf2 Qc5+ 47. Kg3 Kg7 48. f4 Qc1 49. Qf2 Qc6 50.
Qd4+ Kh7 51. Qf6 Kg8 52. b4 Qd6 53. Qc3 g5 54. Qb3 Kh7 55. Qf3 Kg6 56. Qe4+ Kh5 57.
Qf3+ Kg6 58. Qe4+ Kf6 59. Kf3 Qd1+ 60. Kg3 Qd6 61. Kf3 Qd1+ 62. Kg3 Qb3+ 63. Kh2 Qxa3 64.
Qe5+ Kg6 65. fxg5 hxg5 66. Qe4+ Kh6 67. h4 Qc1 68. Qg4 Qf4+ 69. Qxf4 gxf4 70. Kh3 f5 71. g4 fxg3 72. Kxg3 Kh5 73. Kh3 e5 74. b5 f4 75.
Kg2 Kxh4 76. Kf2 Kg4 0-1

[Event "*** Titled Tuesday 3|2 Blitz"]
[Site "Chess.com"]
[Date "2016.08.02"]
[Round "2"]
[White "Keranke"]
[Black "Astaneh"]
[Result "0-1"]
[WhiteElo "2618"]
[BlackElo "2479"]
[TimeControl "180+2"]
[EndTime "11:25:09 PDT"]
[Termination "Astaneh won by resignation"]

1. d4 Nf6 2. c4 g6 3. g3 c6 4. Bg2 d5 5. Nd2 Bg7 6. e3 O-O 7. Ne2 Nbd7 8. O-O e5 9. b3 exd4 10. exd4 Re8 11. Bb2 Nb6 12. h3 Bf5 13. Re1 Qd7 14.
g4 Be6 15. c5 Nc8 16. Nf4 Bh6 17. Nd3 Ne7 18. f4 Bg7 19. Qf3 h5 20. Ne5 Qc7 21. g5 Nd7 22. Nf1 Nf5 23. Qf2 Nxe5 24. fxe5 b6 25. Rac1 Bf8 26. Ba3 b5 27. Bb2 a5 28.
Ne3 Qd8 29. h4 b4 30. Kh2 a4 31. Bh3 Nxe3 32. Rxe3 axb3 33. axb3 Ra2 34. Rc2 Qd7 35.
Bxe6 Qxe6 36. Rf3 Bg7 37. Rf4 Rea8 38. Rd2 R8a7 39. Bc1 Ra1 40. Rc2 Rb1 41. Qf3 Raa1 42. Qe3 Bf8 43. Rf1 Bg7 44. Rf4 Bf8 45. Rf1 Qg4 46.
Qf2 Qf5 47. Qxf5 gxf5 48. Kg3 Rxb3+ 49. Rf3 Rxf3+ 50. Kxf3 b3 51. Rc3 Rb1 52. Kf4 Kg7 53. Kxf5 b2 54. Bxb2 Rf1+ 0-1

[Event "*** Titled Tuesday 3|2 Blitz"]
[Site "Chess.com"]
[Date "2016.08.02"]
[Round "2"]
[White "oggy1984"]
[Black "MFBerna"]
[Result "1/2-1/2"]
[WhiteElo "2314"]
[BlackElo "2139"]
[TimeControl "180+2"]
[EndTime "11:25:10 PDT"]
[Termination "Game drawn by repetition"]

1. e4 c6 2. d4 d5 3. Nc3 dxe4 4. Nxe4 Bf5 5. Ng3 Bg6 6. Nf3 Nd7 7.
h4 h6 8. h5 Bh7 9. Bd3 Bxd3 10. Qxd3 e6 11. Bd2 Ngf6 12. O-O-O Bd6 13. Ne4 Nxe4 14.
Qxe4 Nf6 15. Qe2 Qc7 16. Kb1 O-O-O 17. c4 Kb8 18. Bc3 c5 19. dxc5 Qxc5 20. Rxd6 Rxd6 21. Be5 Ka8 22. Bxd6 Qxd6 23. Rd1 Qc5 24. Ne5 Qc7 25.
f4 a6 26. g4 Rc8 27. a3 Ne8 28. Rd4 Qb6 29. Qd2 f6 30. Nd7 Qc6 31. c5 Ka7 32.
Nb6 Rb8 33. b4 Nc7 34. Rd8 Nd5 35. Rxb8 Kxb8 36. Nxd5 exd5 37. Qe3 Qa4 38. Kb2 Qd1 39.
Qe8+ Ka7 40. Qd8 Qd2+ 41. Kb3 Qd3+ 42. Kb2 Qd2+ 43. Kb3 Qxf4 44. Qb6+ Ka8 45. Qd8+ Qb8 46. Qxd5 Qc8 47. Qf5 Qg8+ 48. Ka4 Qe8+ 49. Kb3 Qe3+ 50. Kb2 Qe2+ 51. Kb3 Ka7 52. Qd7 Qf3+ 53. Kb2 Qe2+ 54. Kb3 Qe3+ 55. Kb2 Qe5+ 56. Kb3 Qe3+ 57. Kb2 Qe5+ 58.
Kb3 Qe3+ 59. Kb2 Qe5+ 1/2-1/2

[Event "*** Titled Tuesday 3|2 Blitz"]
[Site "Chess.com"]
[Date "2016.08.02"]
[Round "2"]
[White "NTBT_DHS"]
[Black "Zlatan56"]
[Result "1-0"]
[WhiteElo "2484"]
[BlackElo "2589"]
[TimeControl "180+2"]
[EndTime "11:25:15 PDT"]
[Termination "NTBT_DHS won by resignation"]

1. d4 g6 2. e4 Bg7 3. Nf3 d6 4. c4 Nf6 5. Nc3 O-O 6. Be2 Na6 7. O-O e5 8. Be3 c6 9. dxe5 dxe5 10. Nd2 Qe7 11.
a3 Nc5 12. Bxc5 Qxc5 13. b4 Qe7 14. Qc2 Ne8 15. c5 Nc7 16. Nc4 Ne6 17. Nd6 Nd4 18. Qb2 Be6 19. Rad1 Rfd8 20. Bc4 Bxc4 21. Nxc4 Bf8 22. Ne2 Qe6 23. Nxd4 Qxc4 24. Nf3 f6 25. Qb1 Be7 26. g3 Kg7 27. Kg2 Rxd1 28.
Rxd1 Rd8 29. Rxd8 Bxd8 30. Nd2 Qd4 31. Nf1 b6 32. Ne3 bxc5 33. bxc5 Qxc5 34. Qb7+ Be7 35. a4 Kf7 36. Qb3+ Kf8 37. Qe6 a5 38. Ng4 Kg7 39. h4 Qd6 40. Qc8 Bd8 41. h5 Qc7 42. Qe6 Qe7 43. h6+ Kf8 44. Qxc6 f5 45. Ne3 f4 46. Nd5 Qa3 47. gxf4 exf4 48. Nxf4 Qe7 49. Qd5 Ke8 50. Ne6 Bb6 51. Qc6+ Kf7 52. Qxb6 Qxe6 53. Qxe6+ Kxe6 54. f4 Kd6 55. Kf3 Kc5 56. Kg4 Kd4 57. e5 Kd5 58. f5 1-0

[Event "*** Titled Tuesday 3|2 Blitz"]
[Site "Chess.com"]
[Date "2016.08.02"]
[Round "2"]
[White "Generalas"]
[Black "AdamHunt1"]
[Result "0-1"]
[WhiteElo "2247"]
[BlackElo "2371"]
[TimeControl "180+2"]
[EndTime "11:25:20 PDT"]
[Termination "AdamHunt1 won by resignation"]

1. e4 c5 2. c3 Nf6 3. e5 Nd5 4. d4 e6 5. Nf3 cxd4 6. cxd4 d6 7.
Bc4 Nc6 8. O-O Be7 9. Qe2 O-O 10.
Qe4 Bd7 11. Re1 Rc8 12. Bd3 f5 13. exf6 Nxf6 14. Qe2 Nb4 15. Bc4 d5 16. Bb3 Ne4 17. Be3 Qb6 18. Na3 Bd6 19. Ne5 Bxe5 20. dxe5 d4 21.
Bxd4 Qxd4 22. Rad1 Qb6 23. Rxd7 Nxf2 24. Nc4 Rxc4 25. Bxc4 Nbd3 26. Bxd3 Nxd3+ 27. Kh1 Nxe1 28. Qxe1 Qxb2 29. h3 Qb5 30. Qd2 Qc5 31. Qe1 Qb5 32. Rd1 h6 33. Kh2 Rf5 34. Rd8+ Kh7 35. Qg3 Rxe5 36.
Rc8 Rg5 37. Qb8 Qe5+ 38. g3 Qxb8 39. Rxb8 Rb5 40. Kg2 b6 41. Kf3 Rb2 42. a4 Rb3+ 43.
Ke4 Rb4+ 44. Ke5 Rxa4 45. Kxe6 Ra3 46. Rb7 Rxg3 47. Rxa7 Rxh3 48. Kf5 Rg3 49. Rb7 Rg6 50. Rb8 h5 51. Ra8 h4 52. Ra4 h3 53. Ra2 Rh6 54.
Rh2 b5 55. Kg4 b4 56. Kg3 b3 57. Rh1 h2 58. Kg2 b2 59. Kg3 0-1

[Event "*** Titled Tuesday 3|2 Blitz"]
[Site "Chess.com"]
[Date "2016.08.02"]
[Round "2"]
[White "Krutoy123"]
[Black "DanielNaroditsky"]
[Result "1-0"]
[WhiteElo "2407"]
[BlackElo "2660"]
[TimeControl "180+2"]
[EndTime "11:25:23 PDT"]
[Termination "Krutoy123 won by checkmate"]

1. e4 e6 2. d3 c5 3. g3 Nc6 4. Bg2 g6 5. Nf3 Bg7 6. O-O d6 7. c3 e5 8. Be3 Nge7 9. Qd2 h6 10. Na3 Be6 11. d4 exd4 12. cxd4 Bg4 13. Nc2 Qb6 14. Rfd1 cxd4 15. Ncxd4 Nxd4 16. Bxd4 Bxd4 17. Qxd4 Qxd4 18. Rxd4 O-O-O 19. Rc1+ Nc6 20. e5 Bxf3 21. Bxf3 dxe5 22. Rxd8+ Rxd8 23. Bxc6 bxc6 24. Rxc6+ Kb7 25. Rf6 Rd7 26. b4 Kc7 27. a4 Kd8 28. b5 Ke7 29. Ra6 Rb7 30.
g4 f6 31. h4 h5 32. g5 fxg5 33. Rxg6 Kf7 34. Rh6 Kg7 35. hxg5 Rd7 36. Ra6 e4 37. Kg2 Rf7 38. Re6 Rd7 39. Rxe4 Kg6 40. Re5 Rd4 41. a5 Ra4 42. a6 Rb4 43. Rc5 h4 44.
Rc7 Rxb5 45. Rxa7 Kxg5 46. Ra8 Ra5 47. a7 h3+ 48. Kh2 Ra2 49. Rg8+ Kf6 50. a8=Q Rxf2+ 51. Kxh3 Ke5 52. Qe8+ Kd4 53. Rg4+ Kd3 54. Qe4+ Kd2 55.
Qd4+ Ke1 56. Re4+ Kf1 57. Qd1# 1-0

[Event "*** Titled Tuesday 3|2 Blitz"]
[Site "Chess.com"]
[Date "2016.08.02"]
[Round "2"]
[White "MaestroASK"]
[Black "TyIerDurden"]
[Result "0-1"]
[WhiteElo "2481"]
[BlackElo "2468"]
[TimeControl "180+2"]
[EndTime "11:25:31 PDT"]
[Termination "TyIerDurden won on time"]

1. g3 Nf6 2. Bg2 d6 3. d3 g6 4. e4 Bg7 5. c3 O-O 6. Nh3 c6 7. f4 Nbd7 8. O-O e5 9. f5 Qb6+ 10. Kh1 d5 11. g4 dxe4 12. g5 gxf5 13. gxf6 Nxf6 14. dxe4 f4 15. Nf2 Be6 16. Qf3 Kh8 17. Bh3 Rad8 18. Bxe6 fxe6 19. Nd2 Qe3 20. Nd1 Qb6 21. Re1 Rf7 22. Nf2 Rfd7 23. Nb3 a5 24. Rb1 a4 25. Na1 Qb5 26. Nc2 Bh6 27. Na3 Qb6 28. b3 axb3 29. axb3 Qc7 30. Nc4 b5 31. Nb2 c5 32. c4 Bg5 33. Nbd3 bxc4 34. bxc4 Bh4 35. Qh3 Bxf2 36. Nxf2 Rg8 37. Bb2 Rd2 38. Rf1 Qd6 39. Rbd1 Rxd1 40. Nxd1 Nxe4 41. Qf3 Nd2 42. Qxf4 Qc6+ 43. Rf3 Qxf3+ 44. Qxf3 Nxf3 45. Bxe5+ Nxe5 46. Ne3 Rd8 47. Kg2 Rd3 48. Kf2 Rxe3 49. Kxe3 Nxc4+ 50. Ke4 Nb6 51. Ke5 c4 52. Kxe6 c3 0-1

[Event "*** Titled Tuesday 3|2 Blitz"]
[Site "Chess.com"]
[Date "2016.08.02"]
[Round "2"]
[White "ftorodent"]
[Black "ChadaevNikolay"]
[Result "1-0"]
[WhiteElo "2446"]
[BlackElo "2510"]
[TimeControl "180+2"]
[EndTime "11:25:39 PDT"]
[Termination "ftorodent won by resignation"]

1. d4 Nf6 2. c4 e6 3. Nf3 d5 4. Nc3 Be7 5. Bf4 O-O 6. e3 b6 7. cxd5 Nxd5 8. Nxd5 Qxd5 9. a3 Ba6 10. Bxa6 Qa5+ 11.
Qd2 Qxa6 12. Qe2 Qa5+ 13. Nd2 Bd6 14. Bxd6 cxd6 15. O-O Nd7 16. Nc4 Qa6 17. Rfe1 d5 18. Nd6 Qa4 19. Rac1 Nf6 20. Rc7 Ne8 21. Nxe8 Rfxe8 22. Rec1 h6 23. h3 Rf8 24. Qc2 Qb5 25. Qc3 a5 26. Rb7 Qa6 27. Qc6 Rab8 28. Rc7 Qe2 29. Qc2 Qb5 30. b3 Rfe8 31. Qc3 Rf8 32. Rc2 Qa6 33. Qc6 Qd3 34. Qc3 Qd1+ 35. Kh2 a4 36.
b4 Ra8 37. Rb7 Qf1 38. Rxb6 Rfd8 39. Rb7 h5 40. b5 Qb1 41. Rb2 Qd1 42. Rc7 g5 43. b6 g4 44. b7 Rab8 45. Rc8 gxh3 46. Rxd8+ Rxd8 47. gxh3 Kg7 48. b8=Q Rxb8 49. Rxb8 Qf3 50.
Rb2 h4 51. Qc7 Qd1 52. Qe5+ Kg6 53. Qf4 1-0

[Event "*** Titled Tuesday 3|2 Blitz"]
[Site "Chess.com"]
[Date "2016.08.02"]
[Round "2"]
[White "BillieKimbah"]
[Black "ShimanovAlex"]
[Result "0-1"]
[WhiteElo "2494"]
[BlackElo "2568"]
[TimeControl "180+2"]
[EndTime "11:25:49 PDT"]
[Termination "ShimanovAlex won by checkmate"]

1. Nf3 Nf6 2. g3 g6 3. Bg2 Bg7 4. O-O O-O 5. d4 c5 6. dxc5 Na6 7. Be3 Ng4 8. Bd4 e5 9. Bc3 Qc7 10. b4 Rd8 11. Na3 d5 12. Nb5 Qe7 13. h3 Nh6 14. Nd6 d4 15. Bd2 Nf5 16. Nxc8 Raxc8 17. g4 Nh4 18. Nxh4 Qxh4 19. f4 e4 20. Bxe4 Qxh3 21.
Bxb7 Qxg4+ 22. Bg2 h5 23. Rb1 Nc7 24. e4 Qe6 25. b5 Qxa2 26. b6 axb6 27. cxb6 Ne6 28. b7 Rb8 29. f5 Nc5 30. Bg5 Re8 31. fxg6 fxg6 32. Rb5 Qc4 33. Qb1 Be5 34. Rb6 Ne6 35.
Bf6 d3 36. Bxe5 Qc5+ 37. Kh1 Qxe5 38. cxd3 Kg7 39. Rb5 Qg3 40. Rd5 Re7 41. Qb2+ Kh6 42. Qe5 Qxe5 43. Rxe5 Rbxb7 44. Rf6 Nd4 45. Rd5 Rbd7 46.
Rfd6 Rxd6 47. Rxd6 Ne2 48. Kh2 Kg5 49. d4 Nf4 50. e5 Ra7 51. Be4 Ra2+ 52. Kh1 Re2 53. Bf3 Re3 54. Bc6 Kg4 55. Kh2 Re2+ 56. Kg1 g5 57.
Kf1 Kg3 58. Rf6 Re3 59. Bb7 Nd3 60. Kg1 Nf4 61. d5 Re1# 0-1

[Event "*** Titled Tuesday 3|2 Blitz"]
[Site "Chess.com"]
[Date "2016.08.02"]
[Round "2"]
[White "fastestmindalive"]
[Black "yian123"]
[Result "1/2-1/2"]
[WhiteElo "2371"]
[BlackElo "2362"]
[TimeControl "180+2"]
[EndTime "11:25:52 PDT"]
[Termination "Game drawn by agreement"]

1. e4 e5 2. Nf3 Nc6 3. Nc3 Nf6 4.
h3 d5 5. exd5 Nxd5 6. Bb5 Nxc3 7. bxc3 Bd6 8. O-O O-O 9. d4 exd4 10. cxd4 Ne7 11. Bb2 c6 12. Bd3 Bf5 13. Re1 Qd7 14. Ne5 Bxe5 15. Rxe5 Bxd3 16. Qxd3 Ng6 17. Re4 Rfe8 18.
Rae1 Nf4 19. Qf3 Rxe4 20. Qxe4 Nd5 21. c4 Nf6 22. Qf3 Re8 23. Re5 Rxe5 24. dxe5 Ne8 25.
Qe3 a6 26. Qb6 h6 27. Kh2 Kh7 28. Bd4 Kg8 29. Bb2 Qc7 30. Qd4 b5 31. f4 Qc8 32.
cxb5 axb5 33. a4 bxa4 34. Qxa4 c5 35. Qc4 Qf5 36. Bc1 g5 37. fxg5 hxg5 38. Qxc5 g4 39. Qe7 Ng7 40. Qd8+ Kh7 41. Qh4+ Kg8 42. Qxg4 Qxg4 43.
hxg4 Kh7 44. Kg3 Kg6 45. Kf4 Ne6+ 46. Ke4 Nc5+ 47. Kd5 Ne6 48. g3 Ng7 49. Bf4 Ne6 50. Be3 Nc7+ 51. Kd6 Ne6 52. Ke7 Nc7 53. Kd7 Ne6 54.
Bd2 Nc5+ 55. Ke7 Ne6 56. Bb4 Nd4 57. Bc5 Ne6 58. Be3 Nc7 59. Kd7 Ne6 60. Bb6 Ng5 61.
Bd8 Ne6 62. Bf6 Nc5+ 63. Kc6 Ne6 64. Kd6 Nd4 65. Kd5 Ne6 66. Bh4 Nc7+ 67. Kd6 Ne6 68. Be7 Nd4 1/2-1/2

[Event "*** Titled Tuesday 3|2 Blitz"]
[Site "Chess.com"]
[Date "2016.08.02"]
[Round "2"]
[White "petrpalachev"]
[Black "oskariot"]
[Result "1-0"]
[WhiteElo "2434"]
[BlackElo "2357"]
[TimeControl "180+2"]
[EndTime "11:26:04 PDT"]
[Termination "petrpalachev won by resignation"]

1. d4 Nf6 2. c4 c5 3. d5 b5 4.
cxb5 a6 5. bxa6 g6 6. Nc3 Bxa6 7. Nf3 d6 8. e4 Bxf1 9. Kxf1 Bg7 10. a4 O-O 11. g3 Nbd7 12. Kg2 Qa5 13. Bd2 Rfb8 14. Nb5 Qb6 15. Qc2 Ne8 16. Bc3 Nc7 17. Nxc7 Qxc7 18. b3 Bxc3 19. Qxc3 Rb4 20. Nd2 Qb7 21. Rhe1 Rb8 22. a5 Qa6 23. Ra3 Ne5 24. h3 Rd4 25. Re3 f5 26. exf5 Qa8 27. Nf3 Qxd5 28. a6 Rf8 29. a7 Qa8 30. fxg6 Rxf3 31. Rxf3 Rd3 32. gxh7+ Kxh7 33. Qxd3+ Nxd3 34. Kg1 Qxf3 35. a8=Q Qxf2+ 36. Kh1 Qf1+ 37. Kh2 Ne5 38. Qe4+ Kg7 39. b4 cxb4 40. Rb3 Qf2+ 41. Qg2 Qd4 42. Qb2 Qxb2+ 43. Rxb2 Nc6 44. Rc2 Nd4 45. Rc4 Nf3+ 46. Kg2 Ne1+ 47. Kf1 Nd3 48.
Rd4 Ne5 49. Rxb4 Nf3 50. Kf2 Ne5 51. Ke3 Kf6 52. h4 e6 53. g4 d5 54. g5+ Kf5 55. Rf4+ Kg6 56. Rf6+ Kh5 57. Rxe6 Ng6 58. Rxg6 1-0

[Event "*** Titled Tuesday 3|2 Blitz"]
[Site "Chess.com"]
[Date "2016.08.02"]
[Round "2"]
[White "Haridaskesavan"]
[Black "chorejason"]
[Result "1-0"]
[WhiteElo "2117"]
[BlackElo "2049"]
[TimeControl "180+2"]
[EndTime "11:26:33 PDT"]
[Termination "Haridaskesavan won by resignation"]

1. e4 c5 2. c3 Nf6 3. e5 Nd5 4. g3 d6 5. exd6 e6 6. Bg2 Bxd6 7. Ne2 O-O 8. d4 Nc6 9. O-O Qc7 10. Na3 a6 11. Nc4 cxd4 12. Nxd6 Qxd6 13. Nxd4 Nxd4 14.
Qxd4 Qb6 15. Qxb6 Nxb6 16. Be3 Na4 17. Rab1 Rb8 18. Bf4 Ra8 19. Rfd1 Nb6 20. b3 f6 21. Bc7 Nd5 22. Bxd5 exd5 23. Rxd5 Be6 24. Rd6 Kf7 25. Re1 Bh3 26. Bb6 Rfe8 27. Red1 Re2 28. R6d2 Rae8 29. Be3 Rxd2 30. Rxd2 Rc8 31. c4 b5 32. c5 Rc6 33.
f3 g6 34. Kf2 f5 35. b4 Ke6 36. Bf4 Ke7 37. Bg5+ Ke6 38. Rd8 Kf7 39. Ra8 Re6 40.
Ra7+ Kg8 41. Bf4 Rc6 42. Bh6 Rc8 43. Rg7+ Kh8 44. Ra7 Kg8 45. Rxa6 Kf7 46. Ra7+ Ke6 47. Rxh7 f4 48. Bxf4 Bf5 49. g4 Bb1 50. Bd6 Bxa2 51. Ke3 Bb1 52. Kd4 g5 53. Re7+ Kf6 54. Re5 Rh8 55.
Re2 Rh3 56. Rf2 Ba2 57. c6 Be6 58. Kc5 Bc8 59. Kxb5 Rh7 60. Kc5 Ra7 61. b5 Ra3 62. Kb6 Rb3 63. Rd2 Ke6 64. Bc5 Ke5 65. Bd6+ Ke6 66.
Bc5 Ke5 67. Rd8 Be6 68. Re8 Kf6 69. Bd4+ Kf7 70. Rb8 Bc4 71. Kc5 Be2 72. c7 Bxf3 73. c8=Q Bxg4 74. Qxg4 1-0

[Event "*** Titled Tuesday 3|2 Blitz"]
[Site "Chess.com"]
[Date "2016.08.02"]
[Round "2"]
[White "maheswaran26"]
[Black "Saitama_Hero"]
[Result "0-1"]
[WhiteElo "2026"]
[BlackElo "2206"]
[TimeControl "180+2"]
[EndTime "11:26:35 PDT"]
[Termination "Saitama_Hero won on time"]

1. d4 Nf6 2. c4 g6 3. Nc3 d5 4. cxd5 Nxd5 5. e4 Nxc3 6. bxc3 Bg7 7. Nf3 c5 8. Rb1 O-O 9. Be2 cxd4 10. cxd4 Qa5+ 11. Bd2 Qxa2 12. O-O b6 13. Bg5 Qe6 14. Re1 h6 15. Bh4 a5 16. d5 Qd7 17. Rxb6 Ba6 18. e5 Bxe2 19. Rxe2 a4 20. e6 fxe6 21. Rbxe6 a3 22. Rxe7 a2 23. Rxa2 Rxa2 24. Rxd7 Nxd7 25.
Nd4 Rf4 26. Nb3 Rxh4 27. g3 Re4 28. d6 Ree2 29. Nc1 Rad2 30. Qxe2 Rxe2 31. Nxe2 Be5 32.
Kg2 Bxd6 33. Nc3 Kf7 34. Ne4 Be7 35. h4 Ke6 36. f3 Nc5 37. Nd2 Nd3 38. Ne4 Bc5 39.
Kf1 Bd6 40. Kg2 Nc5 41. Nd2 Kd5 42. g4 Bf4 43. Nb1 Kc4 44. Na3+ Kb4 45. Nc2+ Kc3 46. Na3 Nd3 47. Nb5+ Kc4 48. Na3+ Kd4 49. Nb5+ Ke3 50. Nc3 Ne1+ 51. Kh3 Nxf3 52. Nd5+ Ke4 53. Nf6+ Ke5 54. Nd7+ Ke6 55. Nc5+ Kf7 56. Ne4 Bc7 0-1

[Event "*** Titled Tuesday 3|2 Blitz"]
[Site "Chess.com"]
[Date "2016.08.02"]
[Round "2"]
[White "GianmarcoVaR"]
[Black "Oleksandr_Bortnyk"]
[Result "1-0"]
[WhiteElo "2455"]
[BlackElo "2552"]
[TimeControl "180+2"]
[EndTime "11:26:43 PDT"]
[Termination "GianmarcoVaR won by resignation"]

1. d4 d6 2. c4 e5 3. g3 exd4 4. Qxd4 Nc6 5. Qe3+ Nge7 6. Bg2 Be6 7. b3 Nf5 8. Qd2 Be7 9. Bb2 O-O 10. Nc3 Bf6 11. Nh3 Re8 12. O-O Nfd4 13. Nf4 Bg4 14. f3 Bf5 15. Rac1 Bg5 16. e3 Ne6 17. Nfd5 Nc5 18.
Ba1 a6 19. Rcd1 Bh6 20. Qf2 Nd3 21. Qe2 Nd4 22. Qd2 c6 23. Nf4 Nxf4 24. exf4 Nc2 25. g4 Ne3 26. g5 Bxg5 27. fxg5 Qxg5 28. Ne4 Bxe4 29. fxe4 Rxe4 30. Rde1 Rae8 31. Rf3 h6 32.
Rg3 Nxg2 33. Rxg5 Rxe1+ 34. Kxg2 hxg5 35. Qxg5 Rxa1 36. Qd2 Rae1 37. Qxd6 R1e2+ 38. Kf3 R8e3+ 39. Kg4 Re6 40. Qb8+ Kh7 41. Qxb7 Rf2 42. h4 Rg6+ 43. Kh3 Rf3+ 44. Kh2 Rf4 45. Qe7 f6 46. Qe1 Rgg4 47.
Qb1+ f5 48. Qd3 Rxh4+ 49. Kg3 Rfg4+ 50. Kf2 Rh2+ 51. Kf1 Rh1+ 52. Kf2 Rh2+ 53. Kf1 g6 54. c5 Rh1+ 55. Kf2 Rh2+ 56. Kf1 Rxa2 57. Qd7+ Kh6 58.
Qxc6 Rf4+ 59. Ke1 Rh4 60. Qf3 Rh1+ 61. Qxh1+ Kg5 62. Qg1+ Kf4 63. Qd4+ Kf3 64. c6 f4 65.
c7 Re2+ 66. Kd1 Re8 67. Qc3+ Kg2 68. c8=Q Rxc8 69. Qxc8 Kg3 70. Qxa6 g5 71. Ke2 f3+ 72. Kf1 g4 73. Qd6+ 1-0